 Dungeon Sprint DCSS version 0.19.1 (webtiles) character file.

2606 yeeve the Blocker (level 9, -7/92 HPs)
             Began as a Minotaur Fighter on Dec 21, 2016.
             Was an Elder of Okawaru.
             Mangled by a 13-headed hydra (10 damage)
             ... in the Dungeon (Sprint IX: "|||||||||||||||||||||||||||||").
             The game lasted 00:02:53 (334 turns).

yeeve the Blocker (Minotaur Fighter)                 Turns: 334, Time: 00:02:53

Health: -7/92      AC: 12    Str: 21    XL:     9   Next: 33%
Magic:  7/12       EV: 21    Int:  5    God:    Okawaru [****..]
Gold:   0          SH: 15    Dex: 13    Spells: 0 memorised, 8 levels left

rFire  . . .     SeeInvis .     a - +0 long sword
rCold  . . .     Gourm    .     q - +2 ring mail
rNeg   . . .     Faith    .     c - +0 shield
rPois  .         Spirit   .     (helmet restricted)
rElec  .         Reflect  .     (no cloak)
rCorr  .         Harm     .     p - +0 pair of gloves
MR     .....     NoTele   +     (no boots)
Stlth  ++........               (no amulet)
                                s - +2 ring of evasion
                                r - +2 ring of evasion

@: heroism, very slightly contaminated, invisible
A: retaliatory headbutt, horns 2
a: Heroism, Renounce Religion


You were in the Dungeon.
You worshipped Okawaru.
Okawaru was greatly pleased with you.
You were not hungry.

You visited 1 branch

Inventory:

Hand Weapons
 a - a +0 long sword (weapon)
 b - a +2 scimitar of flaming
Armour
 c - a +0 shield (worn)
 p - a +0 pair of gloves (worn)
 q - a +2 ring mail (worn)
Jewellery
 r - a +2 ring of evasion (left hand)
 s - a +2 ring of evasion (right hand)
Wands
 n - a wand of lightning (7/15)
Scrolls
 k - 2 scrolls of blinking
 m - 3 scrolls of remove curse
Potions
 e - 5 potions of curing
 g - 2 potions of heal wounds
 h - a potion of haste
 i - 4 potions of magic
Comestibles
 f - a bread ration
 l - 3 chunks of flesh


   Skills:
 - Level 12.7(17.7) Fighting
 * Level 10.2(15.2) Long Blades
 - Level 12.8(17.8) Armour
 + Level 6.3(11.3) Dodging
 - Level 12.9(17.9) Shields
 + Level 5.7 Invocations


You had 8 spell levels left.
You didn't know any spells.

Dungeon Overview and Level Annotations

Branches:
Dungeon (1/1)

Altars:
Cheibriados
Dithmenos
Elyvilon
Fedhas
Gozag
Hepliaklqana
Kikubaaqudgha
Makhleb
Nemelex Xobeh
Okawaru
Qazlal
Ru
Sif Muna
Trog
Uskayaw
Vehumet
Xom
Yredelemnul
Zin
The Shining One
Beogh
Jiyva
Lugonu


Innate Abilities, Weirdness & Mutations

You reflexively headbutt those who attack you in melee.
You have a pair of horns on your head.


Message History

You headbutt the 12-headed hydra, but do no damage.
The 12-headed hydra is severely wounded.
You block the 12-headed hydra's attack. The 12-headed hydra closely misses you.
The 12-headed hydra barely misses you. The 12-headed hydra closely misses you.
The 12-headed hydra completely misses you.
The 12-headed hydra bites you!
* * * LOW HITPOINT WARNING * * *
The 12-headed hydra closely misses you. The 12-headed hydra barely misses you.
You block the 12-headed hydra's attack. x2
The 12-headed hydra closely misses you.
The 12-headed hydra completely misses you.
You catch the helpless 12-headed hydra completely off-guard!
You hack one of the 12-headed hydra's heads off!
The 11-headed hydra grows two more!
You hit the 13-headed hydra.
The 13-headed hydra is heavily wounded.
You block the 13-headed hydra's attack. x2
The 13-headed hydra barely misses you. x2
The 13-headed hydra bites you but does no damage.
The 13-headed hydra bites you!
You die... ▓▓▓▓▓▓▓▓▓▓▓▓▓▓▓▓▓▓▓▓▓▓ +...DH)'(..(..)[...[)| ▓▓▓▓▓▓▓▓▓▓▓▓▓▓▓▓▓▓▓▓▓▓

You could see a 13-headed hydra.

Vanquished Creatures
  2 centaur warriors (D)
  2 hill giants (D)
  An orc warrior (D)
  A centaur (D)
  2 bullfrogs (D)
  2 hounds (D)
  A jelly (D)
  An orc wizard (D)
  An orc (D)
  A giant cockroach (D)
  A goblin (D)
  A kobold (D)
  A quokka (D)
  A frilled lizard (D)
  A jackal zombie (D)
  A rat (D)
20 creatures vanquished.

Vanquished Creatures (others)
  An unseen horror (D)
1 creature vanquished.

Grand Total: 21 creatures vanquished

Notes
Turn   | Place    | Note
-------+----------+-------------------------------------------
     0 | D        | yeeve the Minotaur Fighter began the quest for the Orb.
     0 | D        | Reached XP level 1. HP: 19/19 MP: 0/0
    34 | D        | Noticed a jelly
    34 | D        | Noticed an orc wizard
    34 | D        | Noticed a centaur
    34 | D        | Noticed a hound
    34 | D        | Noticed a hound
    36 | D        | Killed a hound
    36 | D        | Reached skill level 5 in Fighting
    36 | D        | Reached skill level 5 in Armour
    36 | D        | Reached skill level 5 in Shields
    36 | D        | Reached XP level 2. HP: 29/29 MP: 1/1
    36 | D        | Reached XP level 3. HP: 36/36 MP: 2/2
    42 | D        | Killed a centaur
    42 | D        | Reached XP level 4. HP: 48/48 MP: 3/3
    42 | D        | Reached XP level 5. HP: 53/53 MP: 4/4
    90 | D        | Found a roughly hewn altar of Beogh.
    90 | D        | Found a snail-covered altar of Cheibriados.
    90 | D        | Found a shadowy altar of Dithmenos.
    90 | D        | Found a white marble altar of Elyvilon.
    90 | D        | Found a blossoming altar of Fedhas.
    90 | D        | Found an opulent altar of Gozag.
    91 | D        | Found a hazy altar of Hepliaklqana.
    92 | D        | Found a viscous altar of Jiyva.
    93 | D        | Found an ancient bone altar of Kikubaaqudgha.
    94 | D        | Found a corrupted altar of Lugonu.
    95 | D        | Found a burning altar of Makhleb.
    96 | D        | Found a sparkling altar of Nemelex Xobeh.
    97 | D        | Found an iron altar of Okawaru.
    98 | D        | Found a stormy altar of Qazlal.
    99 | D        | Found a sacrificial altar of Ru.
   100 | D        | Found a deep blue altar of Sif Muna.
   101 | D        | Found a bloodstained altar of Trog.
   102 | D        | Found a hide-covered altar of Uskayaw.
   103 | D        | Found a radiant altar of Vehumet.
   104 | D        | Found a shimmering altar of Xom.
   105 | D        | Became a worshipper of Warmaster Okawaru
   106 | D        | Found a basalt altar of Yredelemnul.
   107 | D        | Found a glowing silver altar of Zin.
   108 | D        | Found a glowing golden altar of the Shining One.
   154 | D        | Noticed a hill giant
   154 | D        | Noticed an orc warrior
   154 | D        | Noticed a hill giant
   159 | D        | Killed a hill giant
   159 | D        | Reached * piety under Okawaru
   159 | D        | Reached XP level 6. HP: 53/68 MP: 5/5
   159 | D        | Reached XP level 7. HP: 57/74 MP: 6/6
   162 | D        | Killed a hill giant
   162 | D        | Reached ** piety under Okawaru
   162 | D        | Reached XP level 8. HP: 67/85 MP: 7/7
   292 | D        | Noticed a six-headed hydra
   292 | D        | Noticed a centaur warrior
   292 | D        | Noticed a centaur warrior
   302 | D        | Killed a centaur warrior
   302 | D        | Reached *** piety under Okawaru
   306 | D        | Killed an unseen horror
   316 | D        | Killed a centaur warrior
   316 | D        | Reached **** piety under Okawaru
   316 | D        | Reached skill level 10 in Long Blades
   316 | D        | Reached skill level 5 in Invocations
   316 | D        | Reached XP level 9. HP: 67/92 MP: 7/12
   333 | D        | HP: 3/92 [12-headed hydra (7)]
   334 | D        | Mangled by a 13-headed hydra

Skill      XL: |  1  2  3  4  5  6  7  8 |
---------------+-------------------------+-----
Armour         | 5 7 11 12 | 12.8
Shields        | 5 7 11 12 | 12.9
Fighting       | 5 7 11 12 | 12.7
Long Blades    | 10 | 10.2
Dodging        | 6 |  6.3
Invocations    | 5 |  5.7

Action                   |  1- 3 |  4- 6 |  7- 9 || total
-------------------------+-------+-------+-------++-------
Melee: Long sword        |    26 |     9 |    51 ||    86
       Headbutt          |     2 |     2 |    20 ||    24
Invok: Heroism           |       |       |     2 ||     2
  Use: Potion            |     1 |     1 |     2 ||     4
 Stab: Invisible         |       |       |     2 ||     2
Armor: Scale mail        |    10 |       |       ||    10
       Ring mail         |       |       |    11 ||    11
Dodge: Dodged            |     8 |     2 |    62 ||    72
Block: Shield            |    10 |       |    51 ||    61
       Rpst.: Long sword |     3 |     1 |     5 ||     9
